cohdb
Replays
Latest Replays
All Replays
Popular Replays
Top Player Replays
Match Explorer
How It Works
Community
CoH3 Stats
Reddit
Sign in to upload your games and track your stats! →
Sign in with Steam
Match 46351991
Unlisted
Match 46351991
Overview
Messages
Build Orders
End
Kradschützen Motorcycle Team
Panzergrenadier Squad
Panzergrenadier Squad
Panzergrenadier Squad
Construct Light Support Kompanie
Selects Italian Infantry
Selects Guastatori Squad
Selects L6/40 Light Tank Combat Group
L6/40 Light Tank Combat Group
Selects Defensive Operations
Panzerjäger Mechanized Group
Fire Support Elements
Vehicle Survival Package
T.R. Olvadi
Nico-Nico-Nii~~
BeeRye
Bernadette La Chouette
0
0
Comments
sign in to comment!
No comments posted yet!